 Dungeon Crawl Stone Soup version 0.32-a0-779-g362cfcae2a (webtiles) character file.

Game seed: 1676274502844094107

83 zenocrate the Digger (level 4, -5/28 HPs)
             Began as an Octopode Earth Elementalist on Mar 19, 2024.
             Killed from afar by an orc wizard (9 damage)
             ... with a magic dart
             ... on level 3 of the Dungeon.
             The game lasted 00:02:35 (2197 turns).

zenocrate the Digger (Octopode Earth Elementalist)  Turns: 2197, Time: 00:02:37

Health: -5/28      AC:  1    Str:  7    XL:     4   Next: 44%
Magic:  7/7        EV: 12    Int: 19    God:
Gold:   175        SH:  0    Dex: 12    Spells: 4/8 levels left

rFire   . . .        (no weapon)
rCold   . . .        (no shield)
rNeg    . . .        (helmet restricted)
rPois   .            d - amulet of magic regeneration
rElec   .            (no ring)
rCorr   .            (no ring)
SInv    .            (no ring)
Will    .....        (no ring)
Stlth   ++           (no ring)
HPRegen 0.24/turn    (no ring)
MPRegen 0.50/turn    (no ring)
                     (no ring)

%: no passive effects
@: confused, ambrosia-drunk
A: almost no armour, amphibious, 8 rings, camouflage 1, gelatinous body 1,
(nimble swimmer 1), tentacles
a: no special abilities


You were on level 3 of the Dungeon.
You visited 1 branch of the dungeon, and saw 3 of its levels.

You collected 175 gold pieces.

Inventory:

Magical Staves
 k - a staff of death
Jewellery
 d - an amulet of magic regeneration (around mantle)
 r - a ring of protection from cold
Talismans
 j - a blade talisman
Scrolls
 b - 2 scrolls of teleportation {unknown}
 c - a scroll of fear {unknown}
 e - a scroll of immolation {unknown}
 h - a scroll of acquirement {unknown}
 i - a scroll of revelation {unknown}
 l - 4 scrolls of identify {unknown}
 o - a scroll of blinking {unknown}
 p - a scroll of torment {unknown}
 q - 2 scrolls of enchant weapon {unknown}
Potions
 a - a potion of magic
 f - a potion of ambrosia
 g - a potion of heal wounds {unknown}
 m - a potion of curing {unknown}
 n - 2 potions of haste {unknown}


   Skills:
 + Level 1.2 Fighting
 + Level 2.4 Dodging
 + Level 3.1 Stealth
 + Level 0.9 Unarmed Combat
 * Level 2.5 Spellcasting
 + Level 1.6 Conjurations
 + Level 3.2 Earth Magic
 + Level 0.3 Evocations
 + Level 0.3 Shapeshifting


You had 4 spell levels left.
You knew the following spells:

 Your Spells              Type           Power      Damage    Failure   Level
a - Sandblast             Erth           28%        2d8       4%          1
b - Stone Arrow           Conj/Erth      22%        3d8       17%         3

Your spell library contained the following spells:

 Spells                   Type           Power      Damage    Failure   Level
 Passwall                 Erth           14%        N/A       12%         3
 Summon Small Mammal      Summ           8%         N/A       16%         1
 Call Canine Familiar     Summ           2%         N/A       43%         3
 Inner Flame              Hex/Fire       2%         N/A       43%         3
 Brom's Barrelling Bould  Conj/Erth      11%        2d3       50%         4
 Petrify                  Alch/Erth      8%         N/A       63%         4
 Summon Blazeheart Golem  Fire/Summ      2%         N/A       85%         4
 Irradiate                Conj/Alch      2%         3d12      97%         5
 Ignition                 Fire           1%         3d3       100%        8


Dungeon Overview and Level Annotations

Branches:
Dungeon (3/15)

Altars:
Dithmenos
Fedhas
Vehumet

Shops:
D:1 [:**


Innate Abilities, Weirdness & Mutations

You cannot wear most types of armour.
You are amphibious.
You can wear up to eight rings at the same time.
Your skin changes colour to match your surroundings (Stealth+).
Your rubbery body absorbs attacks. (AC +1, EV +1)
((You are camouflaged when in or above water. (Stealth+)))
You have tentacles for arms and can constrict up to eight enemies at once.


Message History

The blast of sand hits the adder.
You kill the adder!
You feel sick.
You feel sick.
A magic dart appears from out of thin air!
The magic dart hits you.
Unknown command.
Casting: Sandblast (safe; 4% risk of failure)
Confirm with . or Enter, or press ? or * to list all spells.
Aiming: Sandblast (safe; 4% risk of failure)
Press: ? - help, Shift-Dir - straight line, f/p - orc
Aim: an orc, wielding a +0 flail and quivering boomerangs (82% to hit)
The blast of sand hits the orc.
The orc is almost dead.
You feel sick.
You are no longer poisoned.
Unknown command.
Okay, then.
Casting: Sandblast (safe; 4% risk of failure)
Confirm with . or Enter, or press ? or * to list all spells.
Aiming: Sandblast (safe; 4% risk of failure)
Press: ? - help, Shift-Dir - straight line, f/p - orc
Aim: an orc, wielding a +0 flail and quivering boomerangs (severely wounded, 82% to hit)
The blast of sand misses the orc. x2; The orc throws a boomerang.
The boomerang closely misses you.
You hear some strange, mumbled words.
A magic dart appears from out of thin air!
The magic dart hits you!
* * * LOW HITPOINT WARNING * * *
Something hits you.
* * * LOW HITPOINT WARNING * * *
Unknown command.
It was a potion of ambrosia.
You are confused.
You feel invigorated.
The orc throws a boomerang.
The boomerang hits you.
* * * LOW HITPOINT WARNING * * *
You hear some strange, mumbled words.
A magic dart appears from out of thin air!
The magic dart hits you!
You die...

.. #.# ### ####.
#.####### ..#
......##......<#
~~~
............#.#
~≈≈
####..##.###.#.#
..#
........o.......
###
.##....#o###.###
... .....So#{#
... .##....#@#
### #....#.#
......#.#
.#.#...#.#
......#.# #.#
#.# ..# #.#


You could see 2 orcs.

Vanquished Creatures
  2 adders (D:3)
  3 ribbon worms (D:3)
  3 dart slugs (D:1)
  3 orcs (D:3)
  2 ball pythons (D:1)
  2 endoplasms (D:2)
  A giant cockroach (D:1)
  3 goblins
  6 hobgoblins
  3 quokkas
  4 bats
  4 frilled lizards
  8 kobolds
  5 rats
49 creatures vanquished.

Notes
Turn   | Place    | Note
-------+----------+-------------------------------------------
     0 | D:1      | zenocrate the Octopode Earth Elementalist began the quest
                  | for the Orb.
     0 | D:1      | Reached XP level 1. HP: 11/11 MP: 3/3
    32 | D:1      | Found Omnaig's Antique Armour Emporium.
   137 | D:1      | Reached XP level 2. HP: 17/17 MP: 5/5
   171 | D:1      | Found Riaqi's Assorted Antiques.
   175 | D:1      | Found Wysmiwupn's Book Emporium.
   394 | D:1      | Found Tedemit's General Store.
   543 | D:1      | Reached XP level 3. HP: 22/22 MP: 6/6
   547 | D:1      | Learned a level 3 spell: Stone Arrow
  1571 | D:3      | Found a radiant altar of Vehumet.
  1609 | D:3      | Found a shadowy altar of Dithmenos.
  1619 | D:3      | Reached skill level 1 in Fighting
  1845 | D:3      | Reached XP level 4. HP: 25/28 MP: 7/7
  1942 | D:3      | Found a blossoming altar of Fedhas.
  2196 | D:3      | HP: 1/28 [something (2)]
  2197 | D:3      | Killed from afar by an orc wizard

Illustrated notes

Levels and vault maps discovered:
D:1:      minmay_arrival_stone_box, layout_loops_cross, serial_shops, shop,
          shop, shop, shop, minmay_misc_feat_chi
D:2:      layout_basic, serial_forest, infiniplex_forest_3_way,
          infiniplex_forest_clump_tiny, infiniplex_forest_3_way,
          infiniplex_forest_straight_2, infiniplex_forest_lined_ring,
          infiniplex_forest_clump_small, infiniplex_forest_straight_2,
          infiniplex_forest_zigzag_1
D:3:      wad_river_or_something, layout_basic, fedhas_altar_1,
          nicolae_vehumet_radiance, mainiacjoe_overflow_concentric_impassable

Skill      XL: |  1  2  3 |
---------------+----------+-----
Stealth        | 3 |  3.1
Fighting       | 1 |  1.2
Dodging        | |  2.4
Unarmed Combat | |  0.9
Spellcasting   | |  2.5
Conjurations   | |  1.6
Earth Magic    | |  3.2
Evocations     | |  0.3
Shapeshifting  | |  0.3

Action                     |  1- 3 |  4- 6 || total
---------------------------+-------+-------++-------
  Melee: Unarmed           |    68 |     7 ||    75
         Tentacles         |    23 |     3 ||    26
         Constrict         |    27 |     2 ||    29
         Punch             |     2 |       ||     2
   Cast: Sandblast         |    13 |    10 ||    23
    Use: Potion            |       |     1 ||     1
   Stab: Sleeping          |    17 |     2 ||    19
 Armour: Skin              |    21 |    11 ||    32
  Dodge: Dodged            |    40 |     6 ||    46

Table legend: (Time is in decaauts)
 A = Elapsed time spent in this place.
 B = Non-inter-level travel time spent in this place.
 C = Inter-level travel time spent in this place.
 D = Time resting spent in this place.
 E = Time spent auto-exploring this place.
 F = Levels seen in this place.
 G = Mean time per level.
                   A        B        C        D        E       F      G
               +--------+--------+--------+--------+--------+-----+--------+
         Total |   2207 |   2144 |     63 |      0 |   1742 |   3 |  735.7 |
       Dungeon |   2207 |   2144 |     63 |      0 |   1742 |   3 |  735.7 |
               +--------+--------+--------+--------+--------+-----+--------+

Top non-repeatable levels by time:
     D:2: 868 daAuts
     D:1: 704 daAuts
     D:3: 634 daAuts
